 Dungeon Crawl Stone Soup version 0.30-a0-691-g754fce4c43 (webtiles) character file.

Game seed: 15876116229130780270

723 Rrauwl the Cudgeller (level 7, 0/43 HPs)
             Began as a Gargoyle Monk on Jan 19, 2023.
             Slain by an adder (2 damage)
             ... on level 4 of the Dungeon.
             The game lasted 00:12:19 (3013 turns).

Rrauwl the Cudgeller (Gargoyle Monk)                Turns: 3013, Time: 00:12:20

Health: 0/43       AC: 20    Str: 20    XL:     7   Next: 71%
Magic:  16/16      EV:  8    Int: 10    God:
Gold:   140        SH:  4    Dex: 11    Spells: 6/6 levels left

rFire   . . .      SeeInvis .    a - +0 hammer (heavy)
rCold   . . .      Faith    .    o - +0 buckler {AC+3}
rNeg    + . .      Spirit   .    m - +0 chain mail
rPois   ∞          Reflect  .    g - +0 helmet
rElec   +          Harm     .    s - +0 cloak {Stlth+}
rCorr   .          Rampage  .    (no gloves)
Will    .....                    (no boots) Stlth
                                 (no amulet)
HPRegen 0.27/turn                e - ring of magical power
MPRegen 0.15/turn                (no ring)

@: flying
A: sickness immunity, AC +4, negative energy resistance 1, electricity
resistance, torment resistance 1, petrification resistance, big wings, strong 1
a: no special abilities


You were on level 4 of the Dungeon.
You visited 1 branch of the dungeon, and saw 4 of its levels.

You collected 337 gold pieces.
You spent 197 gold pieces at shops.

Inventory:

Hand Weapons
 a - a +0 heavy hammer (weapon)
 b - a +0 sling
 r - a +4 quarterstaff of chaos
Missiles
 j - 9 poisoned darts (quivered)
 k - 4 silver javelins
Armour
 g - a +0 helmet (worn)
 m - a +0 chain mail (worn)
 o - a +0 buckler of protection (worn)
 s - a +0 cloak of stealth (worn)
Jewellery
 e - a ring of magical power (left hand)
Wands
 i - a wand of polymorph (11)
Scrolls
 f - a scroll of poison
 h - a scroll of identify
 l - a scroll of enchant armour
Potions
 c - a potion of ambrosia
 d - 3 potions of curing
 n - a potion of mutation
 p - a potion of heal wounds
 q - a potion of lignification {unknown}


   Skills:
 - Level 4.0 Fighting
 + Level 6.1 Maces & Flails
 - Level 5.0 Armour
 - Level 3.0 Dodging
 - Level 3.0 Stealth
 + Level 2.1 Shields


You had 6 spell levels left.
You didn't know any spells.
Your spell library contained the following spells:

 Spells                   Type           Power      Damage    Failure   Level
 Apportation              Tloc           0%         N/A       99%         1
 Alistair's Intoxication  Tmut/Pois      0%         N/A       100%        5


Dungeon Overview and Level Annotations

Branches:
Dungeon (4/15)
 Temple: D:4-7

Altars:
Hepliaklqana
Kikubaaqudgha

Shops:
D:1 (   D:2 *   D:3 [


Innate Abilities, Weirdness & Mutations

You are immune to sickness and miasma.
Your stone body is resilient. (AC +4)
You are immune to poison.
You resist negative energy. (rN+)
You are resistant to electric shocks. (rElec)
You are resistant to unholy torment.
You are immune to petrification.
Your large and strong wings let you fly.
Your muscles are strong. (Str +4, Int/Dex -1)


Message History

You swing at nothing.
You block the adder's attack. The endoplasm freezes you.
You are frozen.
* * * LOW HITPOINT WARNING * * *
The adder bites you but does no damage.
You swing at nothing.
The adder barely misses you. You block the endoplasm's attack.
The adder bites you but does no damage. The endoplasm freezes you.
You are frozen.
* * * LOW HITPOINT WARNING * * *
You swing at nothing.
The adder bites you but does no damage. The endoplasm barely misses you.
The adder closely misses you.
The endoplasm hits you but does no damage.
You swing at nothing.
The adder barely misses you. You block the endoplasm's attack.
The adder bites you but does no damage.
You swing at nothing.
The adder bites you but does no damage. The endoplasm freezes you.
You are frozen.
* * * LOW HITPOINT WARNING * * *
The adder closely misses you.
The endoplasm hits you but does no damage.
You swing at nothing.
The adder bites you but does no damage.
The endoplasm hits you but does no damage.
The adder bites you but does no damage.
You swing at nothing.
The adder bites you but does no damage. The endoplasm misses you.
The adder bites you.
* * * LOW HITPOINT WARNING * * *
The endoplasm hits you but does no damage.
The adder barely misses you.
You swing at nothing.
The endoplasm freezes you.
You are frozen.
* * * LOW HITPOINT WARNING * * *
The adder barely misses you. The adder misses you.
The endoplasm closely misses you.
You swing at nothing.
The adder bites you but does no damage.
The endoplasm hits you but does no damage.
The adder bites you but does no damage.
You swing at nothing.
The endoplasm barely misses you. The adder bites you.
You die...

..........#
..........#
..........#
..........#
..........#
..........#
.......SJ.#
.?.....@..#
..........#
.........<#
##++###...#
#...# #...#
#...# #...#
#...#


You could see an adder and an endoplasm.

Vanquished Creatures
  Grinder (D:3)
  Sigmund (D:3)
  A swamp drake (D:3)
  A bullfrog (D:3)
  A hound (D:3)
  An iguana (D:4)
  An orc wizard (D:3)
  6 adders
  2 worms (D:2)
  A dart slug (D:1)
  6 orcs (D:3)
  7 ball pythons
  8 endoplasms
  2 giant cockroaches
  4 goblins
  3 hobgoblins
  3 quokkas
  9 bats
  5 frilled lizards
  6 kobolds
  6 rats
  A spectral goblin (D:3)
76 creatures vanquished.

Notes
Turn   | Place    | Note
-------+----------+-------------------------------------------
     0 | D:1      | Rrauwl the Gargoyle Monk began the quest for the Orb.
     0 | D:1      | Reached XP level 1. HP: 14/14 MP: 1/1
    34 | D:1      | Found Keostriu's Weapon Shop.
   162 | D:1      | Reached XP level 2. HP: 19/19 MP: 2/2
  1106 | D:2      | Reached XP level 3. HP: 16/24 MP: 3/3
  1407 | D:2      | Reached XP level 4. HP: 27/29 MP: 4/4
  1426 | D:2      | Gained mutation: Your muscles are strong. (Str +4, Int/Dex
                  | -1) [potion of mutation]
  1426 | D:2      | Gained mutation: Your large and strong wings let you fly.
                  | [potion of mutation]
  1468 | D:2      | Found Hiufir's General Store.
  1475 | D:2      | Bought a scroll of fear for 48 gold pieces
  1889 | D:2      | Reached skill level 1 in Armour
  2035 | D:3      | Found Gyutibb's Armour Shoppe.
  2036 | D:3      | Noticed Sigmund
  2136 | D:3      | Noticed Grinder
  2150 | D:3      | Killed Sigmund
  2151 | D:3      | Reached skill level 4 in Maces & Flails
  2151 | D:3      | Reached XP level 5. HP: 26/33 MP: 5/5
  2151 | D:3      | Reached XP level 6. HP: 30/38 MP: 6/6
  2184 | D:3      | Paralysed by Grinder for 3 turns
  2200 | D:3      | Paralysed by Grinder for 5 turns
  2224 | D:3      | Killed Grinder
  2225 | D:3      | Reached skill level 5 in Maces & Flails
  2225 | D:3      | Reached XP level 7. HP: 33/43 MP: 7/7
  2452 | D:3      | Found a runed translucent door.
  2453 | D:3      | Noticed Crazy Yiuf
  2501 | D:3      | Found an ancient bone altar of Kikubaaqudgha.
  2554 | D:3      | Bought a +0 buckler of protection for 149 gold pieces
  2758 | D:3      | Found a hazy altar of Hepliaklqana.
  2926 | D:3      | Crazy Yiuf changed into Crazy Yiuf the swamp drake
  2926 | D:3      | Noticed Crazy Yiuf
  2940 | D:3      | Killed Crazy Yiuf the swamp drake
  2941 | D:3      | Reached skill level 6 in Maces & Flails
  2941 | D:3      | Reached skill level 5 in Armour
  3010 | D:4      | HP: 2/43 [adder (2)]
  3013 | D:4      | Slain by an adder

Illustrated notes

Levels and vault maps discovered:
D:1:      spicycebolla_arrival_risky_transporter, layout_basic, serial_shops,
          shop_fountains, minmay_cut_off
D:2:      layout_basic, serial_shops, nicolae_shop_stone,
          minmay_randomly_rotated_circles
D:3:      layout_rooms, nicolae_hepliaklqana_monster_ancestors,
          marbit_many_paths, serial_shops, shop_coins, dk_noncrumbling_3,
          minmay_divided_ellipse, uniq_crazy_yiuf_cottage, uniq_grinder,
          uniq_sigmund
D:4:      layout_gridville, serial_shops, shop, kennysheep_generic_room_12,
          uniq_duvessa

Skill      XL: |  1  2  3  4  5  6  7 |
---------------+----------------------+-----
Stealth        | 3 |  3.0
Fighting       | 4 |  4.0
Dodging        | 3 |  3.0
Armour         | 3 4 5 |  5.0
Maces & Flails | 4 5 6 |  6.1
Shields        | 2 |  2.1

Action                   |  1- 3 |  4- 6 |  7- 9 || total
-------------------------+-------+-------+-------++-------
Melee: Mace              |   110 |   106 |    95 ||   311
       Punch             |     2 |     1 |     1 ||     4
 Fire: Sling             |     8 |       |       ||     8
Throw: Dart              |       |     9 |       ||     9
Evoke: Wand              |       |       |     1 ||     1
  Use: Scroll            |     4 |     4 |       ||     8
       Potion            |     3 |     4 |       ||     7
 Stab: Sleeping          |     5 |       |       ||     5
Armor: Robe              |    43 |       |       ||    43
       Chain mail        |       |    77 |   102 ||   179
Dodge: Dodged            |    86 |    58 |    72 ||   216
Block: Buckler           |       |       |    16 ||    16

Table legend: (Time is in decaauts)
 A = Elapsed time spent in this place.
 B = Non-inter-level travel time spent in this place.
 C = Inter-level travel time spent in this place.
 D = Time resting spent in this place.
 E = Time spent auto-exploring this place.
 F = Levels seen in this place.
 G = Mean time per level.
                   A        B        C        D        E       F      G
               +--------+--------+--------+--------+--------+-----+--------+
         Total |   3091 |   2904 |    187 |     14 |   2018 |   4 |  772.8 |
       Dungeon |   3091 |   2904 |    187 |     14 |   2018 |   4 |  772.8 |
               +--------+--------+--------+--------+--------+-----+--------+

Top non-repeatable levels by time:
     D:1: 1041 daAuts
     D:3: 1022 daAuts
     D:2: 981 daAuts
     D:4: 46 daAuts
